 Dungeon Sprint DCSS version 0.23.1 (webtiles) character file.

Game seed: 2744196707097237041

681 nuthulu the Blocker (level 7, -17/71 (72) HPs)
             Began as a Minotaur Fighter on Mar 4, 2019.
             Demolished by a tyrant leech (29 damage)
             ... in the Dungeon (Sprint II: "The Violet Keep of Menkaure").
             The game lasted 00:00:46 (328 turns).

nuthulu the Blocker (Minotaur Fighter)               Turns: 328, Time: 00:00:47

HP:   -17/71 (72)   AC:  8    Str: 22    XL:     7   Next: 34%
MP:   6/6           EV:  9    Int:  5    God:
Gold: 0             SH: 12    Dex: 10    Spells: 6/6 levels left

rFire    . . .     SeeInvis .   a - +0 war axe
rCold    . . .     Gourm    .   c - +0 shield
rNeg     . . .     Faith    .   b - +0 scale mail
rPois    .         Spirit   .   (helmet restricted)
rElec    .         Reflect  .   (no cloak)
rCorr    .         Harm     .   (no gloves)
MR       .....     NoTele   +   (no boots)
Stlth    ..........             (no amulet)
HPRegen  0.21/turn              (no ring)
MPRegen  0.10/turn              (no ring)

@: hasted, very quick
A: retaliatory headbutt, horns 2
a: no special abilities


You were in the Dungeon.
You were not hungry.

You visited 1 branch

Inventory:

Hand Weapons
 a - a +0 war axe (weapon)
Armour
 b - a +0 scale mail (worn)
 c - a +0 shield (worn)
Scrolls
 k - a scroll of blinking
Potions
 e - a potion of curing
 g - a potion of heal wounds
 i - 2 potions of magic
 j - a potion of berserk rage
Comestibles
 f - a ration


   Skills:
 + Level 10.2 Fighting
 + Level 9.9 Axes
 + Level 10.3 Armour
 + Level 10.3 Shields


You had 6 spell levels left.
You didn't know any spells.
Your spell library was empty.

Dungeon Overview and Level Annotations

Branches:
Dungeon (1/1)

Altars:


Innate Abilities, Weirdness & Mutations

You reflexively headbutt those who attack you in melee.
You have a pair of horns on your head.


Message History

The tyrant leech bites you.
* * * LOW HITPOINT WARNING * * *
The tyrant leech draws strength from your injuries!
You slash the tyrant leech!
The tyrant leech is heavily wounded.
The tyrant leech bites you!
* * * LOW HITPOINT WARNING * * *
The tyrant leech draws strength from your injuries!
You slice the tyrant leech!!
You headbutt the tyrant leech, but do no damage.
The tyrant leech is almost dead.
Your shield and scale mail prevent you from hitting the tyrant leech.
The tyrant leech is almost dead.
You block the tyrant leech's attack.
You closely miss the tyrant leech.
The tyrant leech is almost dead.
You closely miss the tyrant leech.
The tyrant leech is almost dead.
The tyrant leech bites you!!
You die...

## ## ##. .##
#..#..# #
#.).# # ##.
#+# .##
#...##.##$..#
#$+÷<@w#
#...##.##w..#
##. #†# .## #
#.#.# # #.#
..# ## .## ##


You could see 2 tyrant leeches.

Vanquished Creatures
  A merfolk siren (D)
  4 necrophages (D)
  3 worms (D)
8 creatures vanquished.

Vanquished Creatures (others)
  A crocodile (D)
1 creature vanquished.

Grand Total: 9 creatures vanquished

Notes
Turn   | Place    | Note
-------+----------+-------------------------------------------
     0 | D        | nuthulu the Minotaur Fighter began the quest for the Orb.
     0 | D        | Reached XP level 1. HP: 19/19 MP: 0/0
     1 | D        | Noticed a necrophage
     1 | D        | Noticed a necrophage
     1 | D        | Noticed a necrophage
     1 | D        | Noticed a necrophage
     6 | D        | Killed a necrophage
     6 | D        | Reached skill level 5 in Axes
     6 | D        | Reached XP level 2. HP: 21/30 MP: 1/1
     6 | D        | Reached XP level 3. HP: 26/37 MP: 2/2
     6 | D        | Reached XP level 4. HP: 30/44 MP: 3/3
     9 | D        | Killed a necrophage
     9 | D        | Reached XP level 5. HP: 32/52 MP: 4/4
    11 | D        | Killed a necrophage
    15 | D        | Killed a necrophage
    15 | D        | Reached XP level 6. HP: 38/61 MP: 5/5
   183 | D        | Noticed a merfolk siren
   188 | D        | Killed a merfolk siren
   188 | D        | Reached skill level 10 in Fighting
   188 | D        | Reached skill level 10 in Armour
   188 | D        | Reached skill level 10 in Shields
   188 | D        | Reached XP level 7. HP: 55/71 MP: 6/6
   263 | D        | Noticed a tyrant leech
   263 | D        | Noticed a tyrant leech
   328 | D        | Demolished by a tyrant leech

Skill      XL: |  1  2  3  4  5  6 |
---------------+-------------------+-----
Fighting       | 6 7 8 10 | 10.2
Axes           | 5 6 8 9 |  9.9
Armour         | 6 7 8 10 | 10.3
Shields        | 6 7 8 10 | 10.3

Action                   |  1- 3 |  4- 6 |  7- 9 || total
-------------------------+-------+-------+-------++-------
Melee: War axe           |     2 |    12 |    28 ||    42
       Headbutt          |     1 |     4 |     7 ||    12
  Use: Potion            |     1 |       |     1 ||     2
Armor: Scale mail        |       |     3 |     1 ||     4
Dodge: Dodged            |     1 |     3 |     1 ||     5
Block: Shield            |     1 |     1 |     6 ||     8
